 Dungeon Crawl Stone Soup version 0.27.0-1-g7a089689b8 (webtiles) character file.

Game seed: 5143644109221040395

5156 dtburroughs the Fighter (level 10, -13/91 HPs)
             Began as a Minotaur Berserker on Aug 6, 2021.
             Was an Elder of Trog.
             Mangled by an orc warrior (19 damage)
             ... in a bailey on Aug 7, 2021.
             The game lasted 00:13:23 (9786 turns).

dtburroughs the Fighter (Minotaur Berserker)        Turns: 9786, Time: 00:13:23

Health: -13/91     AC: 19    Str: 23    XL:     10   Next: 33%
Magic:  9/9        EV:  9    Int:  7    God:    Trog [****..]
Gold:   494        SH:  0    Dex:  9    Spells: 9/9 levels left

rFire    . . .     SeeInvis .   e - +1 battleaxe (vorpal)
rCold    . . .     Faith    .   (shield currently unavailable)
rNeg     . . .     Spirit   .   m - +0 plate armour
rPois    .         Reflect  .   (helmet restricted)
rElec    .         Harm     .   n - +1 cloak
rCorr    +         Rampage  .   h - +0 pair of gloves
Will     .....                  v - +0 pair of boots
Stlth    ..........             (no amulet)
HPRegen  0.25/turn              G - ring of flight
MPRegen  0.11/turn              I - ring of resist corrosion

@: on berserk cooldown, flying, slowed, very slow
A: horns 2, retaliatory headbutt
a: Renounce Religion, Berserk, Trog's Hand, Brothers in Arms


You were in a bailey.
You worshipped Trog.
Trog was greatly pleased with you.
You visited 1 branch of the dungeon, and saw 10 of its levels.
You also visited: Bailey.

You collected 494 gold pieces.

Inventory:

Hand Weapons
 a - a +0 hand axe
 e - a +1 vorpal battleaxe (weapon)
 u - a +0 flail
 x - a +0 war axe
Armour
 c - +0 fire dragon scales
 h - a +0 pair of gloves (worn)
 m - a +0 plate armour (worn)
 n - a +1 cloak (worn)
 v - a +0 pair of boots (worn)
Jewellery
 G - a ring of flight (left hand)
 I - a ring of resist corrosion (right hand)
Wands
 B - a wand of flame (28)
 L - a wand of iceblast (13)
 M - a wand of charming (9)
Scrolls
 b - 2 scrolls of summoning {unknown}
 d - 2 scrolls of noise {unknown}
 g - a scroll of silence {unknown}
 j - a scroll of immolation {unknown}
 l - 3 scrolls of enchant armour
 p - 2 scrolls of vulnerability {unknown}
 r - 2 scrolls of magic mapping {unknown}
 s - 2 scrolls of teleportation {unknown}
 w - a scroll of fear {unknown}
 y - a scroll of holy word {unknown}
 C - a scroll of enchant weapon {unknown}
 H - a scroll of torment {unknown}
 K - a scroll of acquirement {unknown}
Potions
 f - 3 potions of attraction
 i - 3 potions of lignification {unknown}
 k - 6 potions of curing
 o - 3 potions of degeneration
 q - a potion of brilliance {unknown}
 t - 2 potions of mutation {unknown}
 z - 3 potions of ambrosia
 A - 2 potions of flight {unknown}
 D - a potion of haste {unknown}
 E - a potion of might
 F - 2 potions of magic {unknown}
 J - a potion of cancellation {unknown}
 N - a potion of heal wounds {unknown}


   Skills:
 + Level 9.6 Fighting
 + Level 9.5 Axes
 + Level 9.2 Armour
 + Level 8.4 Dodging
 + Level 3.6 Evocations


You had 9 spell levels left.
You didn't know any spells.
Your spell library was empty.

Dungeon Overview and Level Annotations

Branches:
Dungeon (10/15)            Temple (0/1) D:5          Bailey (1/1)
   Lair: D:8-11         Orc: D:9-12

Altars:
Ashenzari
Elyvilon
Nemelex Xobeh
Okawaru
Ru
Zin

Shops:
D:1 :   D:9 (

Portals:
Abyss: D:9

Annotations:
D:8 3 runed translucent doors, jejorda2's ghost, novice DgVM
D:9 2 transporters, robertstho's ghost, journeyman DrBe


Innate Abilities, Weirdness & Mutations

You have a pair of horns on your head.
You reflexively headbutt those who attack you in melee.


Message History

The orc warrior is moderately wounded.
You hit the orc knight but do no damage.
The orc knight hits you with a +0 broad axe!!
The orc warrior hits you with a +0 war axe!
You slash the orc warrior! Your headbutt misses the orc warrior.
The orc warrior is heavily wounded.
You hit the orc knight. The orc knight barely misses you.
You closely miss the orc warrior. Your headbutt misses the orc warrior.
The orc warrior is heavily wounded.
You slash the orc knight!
The orc warrior hits you with a +0 war axe!!
* * * LOW HITPOINT WARNING * * *
The orc knight hits you with a +0 broad axe.
* * * LOW HITPOINT WARNING * * *
You slash the orc knight! Your headbutt misses the orc knight.
The orc knight is severely wounded.
You closely miss the orc warrior.
The orc warrior hits you but does no damage.
You slash the orc knight! Your headbutt misses the orc knight.
The orc knight is almost dead.
You closely miss the orc warrior.
The orc knight hits you but does no damage.
The orc warrior hits you with a +0 war axe!
* * * LOW HITPOINT WARNING * * *
You slice the orc knight!!
You kill the orc knight!
Trog accepts your kill.
You barely miss the orc warrior. The orc warrior barely misses you.
You furiously retaliate!
You headbutt the orc warrior.
Things that are here:
a +0 broad axe; a +0 ring mail You feel a strong urge to attack something.
You are no longer berserk.
You are exhausted.
You feel yourself slow down.
You closely miss the orc warrior.
The orc warrior is severely wounded.
The orc warrior misses you.
The orc warrior hits you with a +0 war axe!!
You die...

###.$?...!?.###
#.............#
...............
...............
...........
....... #...#
###)### ##..)o@##
#...8...#
#∩(...)∩#
##...).##
####+++####
##≈.......≈##
##≈≈.......≈≈##
.K≈≈.......≈≈'.'^
##≈≈.......≈≈###.


You could see an orc warrior (strong).

Vanquished Creatures
  An orc knight (Bailey)
  A centaur zombie (D:8)
  2 hornets
  A shadow (D:10)
  A wyvern (D:9)
  7 yaks
  A steam dragon (D:7)
  An acid dragon (D:9)
  A sky beast (D:5)
  3 orc warriors
  An ogre (D:6)
  2 centaurs (D:9)
  A kobold brigand (D:8)
  2 phantoms
  3 scorpions
  2 water moccasin skeletons
  10 killer bees
  5 howler monkeys
  A hound (D:5)
  4 orc priests
  2 centaur skeletons (D:5)
  2 jellies
  2 iguanas
  4 orc wizards
  3 hound skeletons
  4 gnolls
  2 howler monkey skeletons
  A river rat (D:3)
  7 adders
  2 shadow imps
  2 worms
  27 orcs
  7 bats
  7 endoplasms
  3 giant cockroaches
  13 goblins
  7 hobgoblins
  2 jackals (D:1)
  3 quokkas
  4 ball pythons
  4 frilled lizards
  8 kobolds
  11 rats
177 creatures vanquished.

Vanquished Creatures (others)
  An orc wizard (D:9)
1 creature vanquished.

Grand Total: 178 creatures vanquished

Notes
Turn   | Place    | Note
-------+----------+-------------------------------------------
     0 | D:1      | dtburroughs the Minotaur Berserker began the quest for the
                  | Orb.
     0 | D:1      | Reached XP level 1. HP: 19/19 MP: 0/0
   128 | D:1      | Reached XP level 2. HP: 27/27 MP: 1/1
   176 | D:1      | Found Axzulyc's Book Boutique.
   267 | D:1      | Reached ** piety under Trog
   388 | D:1      | Reached XP level 3. HP: 32/33 MP: 2/2
  1665 | D:3      | Reached XP level 4. HP: 27/41 MP: 3/3
  1946 | D:3      | Found a white marble altar of Elyvilon.
  1946 | D:3      | Found a glowing silver altar of Zin.
  2494 | D:3      | Reached XP level 5. HP: 41/47 MP: 4/4
  3150 | D:4      | Reached *** piety under Trog
  3292 | D:4      | Reached skill level 5 in Fighting
  3292 | D:4      | Reached skill level 5 in Axes
  3486 | D:4      | Reached XP level 6. HP: 50/56 MP: 5/5
  3672 | D:5      | Entered Level 5 of the Dungeon
  3672 | D:5      | Noticed a yak
  3673 | D:5      | Noticed a yak
  3674 | D:5      | Noticed a yak
  3682 | D:4      | Killed a yak
  3693 | D:4      | Killed a yak
  3694 | D:4      | Reached skill level 5 in Armour
  3694 | D:4      | Reached XP level 7. HP: 44/63 MP: 6/6
  3794 | D:4      | Killed a yak
  3795 | D:4      | Reached skill level 5 in Dodging
  3928 | D:5      | Found a staircase to the Ecumenical Temple.
  3960 | D:5      | Found an iron altar of Okawaru.
  4245 | D:5      | Reached XP level 8. HP: 71/71 MP: 7/7
  5722 | D:6      | Noticed a hornet
  5735 | D:6      | HP: 4/111 [poisoned by a hornet]
  5735 | D:6      | Killed a hornet
  5736 | D:6      | Reached XP level 9. HP: 5/81 MP: 8/8
  5739 | D:6      | HP: 1/121 [poisoned by a hornet]
  7209 | D:7      | Found a broken altar of Ashenzari.
  7292 | D:7      | Reached **** piety under Trog
  7293 | D:7      | Reached skill level 1 in Evocations
  8057 | D:8      | Found a runed translucent gate.
  8057 | D:8      | Found a runed translucent gate.
  8058 | D:8      | Found a runed translucent gate.
  8060 | D:8      | Noticed jejorda2's ghost (novice DgVM)
  8247 | D:9      | Found Vimima's Antique Weapon Shop.
  8285 | D:9      | Found a transporter.
  8366 | D:9      | Identified the +3 leather armour "Efonk" {rC+ Stlth+}
  8383 | D:9      | Found a large runed translucent door.
  8387 | D:9      | Found a large runed translucent door.
  8454 | D:9      | Noticed a glowing orange brain
  8456 | D:9      | Noticed a toenail golem
  8509 | D:9      | Found a one-way gate to the infinite horrors of the Abyss.
  8987 | D:9      | Reached XP level 10. HP: 68/91 MP: 9/9
  9199 | D:9      | Found a transporter.
  9206 | D:9      | Noticed robertstho's ghost (journeyman DrBe)
  9370 | D:9      | Found a sacrificial altar of Ru.
  9383 | D:9      | Found a sparkling altar of Nemelex Xobeh.
  9440 | D:10     | Entered Level 10 of the Dungeon
  9619 | D:10     | Found a flagged portal.
  9647 | Bailey   | Entered a bailey
  9768 | Bailey   | Noticed an orc knight
  9783 | Bailey   | Killed an orc knight
  9786 | Bailey   | Mangled by an orc warrior

Illustrated notes

Levels and vault maps discovered:
D:1:      minmay_arrival_hallway, layout_basic, serial_shops, shop
D:2:      layout_basic
D:3:      layout_loops_ring, mainiacjoe_overflow_divided_tiny,
          lightli_sewer_entry_pipes
D:4:      layout_basic
D:5:      layout_loops_ring, okawaru_gym_becter,
          minmay_temple_entry_gardened_gates
D:6:      layout_loops_cross, kennysheep_diamond, dk_vineyard_1,
          nrook_mini_backslash, glass_columns_c, minmay_misc_feat_rows,
          hangedman_abyss_or_decor_lesser_grid, minivault_4, lightli_minifort
D:7:      layout_gridville, ashenzari_conservatory_becter
D:8:      layout_basic, ebering_ghost_rock_garden
D:9:      layout_roguey, jmf_multi_god_temple2, serial_shops,
          nicolae_stop_n_shop_2, gammafunk_ghost_abyssal_escape
D:10:     layout_basic, dpeg_oklobed_lair, enter_bailey_5, serial_bayou_pond_a
Bailey:   bailey_axe_3, bailey

Skill      XL: |  1  2  3  4  5  6  7  8  9 10 |
---------------+-------------------------------+-----
Fighting       | 4 5 6 8 9 |  9.6
Axes           | 4 5 6 7 9 |  9.5
Armour         | 3 4 5 6 7 8 9 |  9.2
Dodging        | 3 4 5 6 8 |  8.4
Evocations     | 3 |  3.6

Action                   |  1- 3 |  4- 6 |  7- 9 | 10-12 || total
-------------------------+-------+-------+-------+-------++-------
Melee: Hand axe          |    21 |       |       |       ||    21
       Headbutt          |    14 |    14 |    27 |     5 ||    60
       Battleaxe         |    57 |   106 |   223 |    54 ||   440
Invok: Trog's Hand       |       |       |     4 |       ||     4
       Berserk           |       |       |     2 |     1 ||     3
  Use: Scroll            |       |       |     4 |       ||     4
       Potion            |       |       |     1 |       ||     1
Armor: Fire dragon scale |    51 |       |       |       ||    51
       Plate armour      |    18 |    98 |   248 |    58 ||   422
Dodge: Dodged            |    59 |    44 |   125 |    51 ||   279
